AoeStats
← Dovahkiin

Yucatan

510584310Analyzed
3v3 RM · 15h ago on Oct 1, 2026· 15m 45s· 6 players
Game mode
Random Map
Map size
Normal (6 player)
Population
200
Speed
Normal
Resources
Standard
Victory
Conquest
Starting age
Dark Age
Ending age
Imperial Age
RankedLock teamsTeams togetherTeam positionsShared explorationLock speedFull tech treeHidden civsTurbo modeCheats
Victory
Defeat
🇩🇪 Persians · Germany
1032
+12
🇳🇱 Hindustanis · Netherlands
1019
+13
🇹🇷 Armenians · Türkiye
943
+16
🇫🇷 Vikings · France
954
-14
🇺🇸 Danes · United States
953
-14
🇲🇽 Magyars · Mexico
937
-13
RAINBOW
12:24 Feudal Age
13:49 Loom
16:47 Castle Age
aegis38
4:02 Loom
11:25 Feudal Age
12:03 Double-Bit Axe
12:28 Horse Collar
15:10 Man-at-Arms
san_siro
[AoS] jOhNChiLLy
4:33 Loom
12:21 Feudal Age
16:33 Castle Age
14:54 Double-Bit Axe
Dovahkiin
10:41 Feudal Age
10:46 Man-at-Arms
11:12 Arson
12:12 Long Swordsman
12:56 Scale Mail Armor
[AoS] SenolMurat
1:09 Loom
10:31 Feudal Age
Connection lost

Rejoining the realm…

Still unreachable

The connection could not be restored.

Session expired

The server has moved on; the page needs a fresh start.